 Dungeon Crawl Stone Soup version 0.31.0-12-g77e489cdc1 (webtiles) character file.

Game seed: 1430768535424303261

95 sking99 the Chiller (level 4, -5/36 HPs)
             Began as a Draconian Ice Elementalist on Feb 22, 2024.
             Slain by a sleepcap (18 damage)
             ... on level 3 of the Dungeon.
             The game lasted 00:05:52 (2449 turns).

sking99 the Chiller (Draconian Ice Elementalist)    Turns: 2449, Time: 00:05:52

Health: -5/36      AC:  5    Str: 13    XL:     4   Next: 39%
Magic:  2/8        EV:  2    Int: 15    God:
Gold:   113        SH:  0    Dex: 11    Spells: 7/8 levels left

rFire   . . .        (no weapon)
rCold   . . .        (no shield)
rNeg    + . .        (body armour unavailable)
rPois   .            (helmet restricted)
rElec   .            (no cloak)
rCorr   .            (no gloves)
SInv    .            (no boots)
Will    .....        (no amulet)
Stlth   ++           d - ring of positive energy
HPRegen 0.26/turn    (no ring)
MPRegen 0.11/turn

%: no passive effects
@: sleeping
A: AC +5, unfitting armour, cold-blooded
a: no special abilities


You were on level 3 of the Dungeon.
You visited 1 branch of the dungeon, and saw 3 of its levels.

You collected 113 gold pieces.

Inventory:

Jewellery
 d - a ring of positive energy (left hand)
Scrolls
 b - a scroll of brand weapon {unknown}
 c - a scroll of vulnerability {unknown}
 e - a scroll of fog {unknown}
 f - 2 scrolls of teleportation {unknown}
 g - a scroll of identify {unknown}
 i - a scroll of amnesia {unknown}
 l - a scroll of blinking {unknown}
Potions
 a - 2 potions of magic
 h - a potion of mutation {unknown}
 j - 2 potions of curing {unknown}
 k - a potion of cancellation {unknown}


   Skills:
 + Level 2.0 Fighting
 - Level 1.7 Dodging
 - Level 1.7 Stealth
 + Level 2.7 Spellcasting
 * Level 5.1 Ice Magic


You had 7 spell levels left.
You knew the following spells:

 Your Spells              Type           Power      Damage    Failure   Level
a - Freeze                Ice            68%        1d8       2%          1

Your spell library contained the following spells:

 Spells                   Type           Power      Damage    Failure   Level
 Frozen Ramparts          Ice            34%        1d6       8%          3
 Ozocubu's Armour         Ice            17%        N/A       8%          3
 Slow                     Hex            8%         N/A       21%         1
 Summon Ice Beast         Ice/Summ       9%         N/A       22%         3
 Confusing Touch          Hex            2%         N/A       52%         3
 Sigil of Binding         Hex            2%         N/A       52%         3
 Vampiric Draining        Necr           2%         2d6       52%         3


Dungeon Overview and Level Annotations

Branches:
Dungeon (3/15)

Altars:
Elyvilon

Shops:
D:2 *((=?


Innate Abilities, Weirdness & Mutations

Your plain brown scales are hard. (AC +5)
You cannot fit into any form of body armour.
You are cold-blooded and may be slowed by cold attacks.


Message History

You freeze the sleepcap.
The sleepcap is heavily damaged.
The sleepcap misses you.
Casting: Freeze (safe; 2% risk of failure)
Confirm with . or Enter, or press ? or * to list all spells.
Aiming: Freeze (safe; 2% risk of failure)
Press: ? - help, Shift-Dir - straight line, f/p - sleepcap
Aim: a sleepcap (heavily damaged)
You freeze the sleepcap.
The sleepcap is heavily damaged.
The sleepcap releases spores at you.
Casting: Freeze (safe; 2% risk of failure)
Confirm with . or Enter, or press ? or * to list all spells.
Aiming: Freeze (safe; 2% risk of failure)
Press: ? - help, Shift-Dir - straight line, f/p - sleepcap
Aim: a sleepcap (heavily damaged)
You freeze the sleepcap.
The sleepcap is severely damaged.
The sleepcap closely misses you.
Casting: Freeze (safe; 2% risk of failure)
Confirm with . or Enter, or press ? or * to list all spells.
Aiming: Freeze (safe; 2% risk of failure)
Press: ? - help, Shift-Dir - straight line, f/p - sleepcap
Aim: a sleepcap (severely damaged)
You freeze the sleepcap.
The sleepcap is severely damaged.
The sleepcap closely misses you.
Casting: Freeze (safe; 2% risk of failure)
Confirm with . or Enter, or press ? or * to list all spells.
Aiming: Freeze (safe; 2% risk of failure)
Press: ? - help, Shift-Dir - straight line, f/p - sleepcap
Aim: a sleepcap (severely damaged)
You freeze the sleepcap.
The sleepcap is almost destroyed.
The sleepcap releases spores at you!
You are engulfed in a cloud of soporific spores!
You fall asleep.
The sleepcap releases spores at you!!
Ouch! That really hurt!
You die...

###############
.###.............#
.................#######
........................
(.......#######.########
........# ##..# #...f#
###..#########
#...@###.............
#....##...#.....#####
#....#..#.#.....# #..
##.##.....#.....# #.#
...#........#.....# #.#
._.#........#.....# #.#
.. ...#..#...........#
#..
.##.##..............#####
..#.#...............+.#


You could see a sleepcap.

Vanquished Creatures
  Jessica (D:3)
  An adder (D:2)
  2 dart slugs
  An orc (D:3)
  An endoplasm (D:1)
  2 giant cockroaches (D:1)
  8 goblins
  3 hobgoblins
  3 jackals (D:1)
  4 quokkas
  5 ball pythons
  4 bats
  4 frilled lizards
  8 kobolds
  10 rats
57 creatures vanquished.

Notes
Turn   | Place    | Note
-------+----------+-------------------------------------------
     0 | D:1      | sking99 the Draconian Ice Elementalist began the quest for
                  | the Orb.
     0 | D:1      | Reached XP level 1. HP: 14/14 MP: 3/3
   187 | D:1      | Reached XP level 2. HP: 22/22 MP: 3/5
   465 | D:1      | Reached skill level 1 in Fighting
   986 | D:1      | Reached XP level 3. HP: 28/28 MP: 1/6
  1164 | D:2      | Found Bikh's General Store.
  1283 | D:2      | Found Fucao's Jewellery Shop.
  1454 | D:2      | Found Avofal's Magic Scroll Shoppe.
  1522 | D:2      | Found Ygayng's Weapon Shoppe.
  1847 | D:2      | Found Yzxyvagi's Weapon Shop.
  1964 | D:3      | Noticed Jessica
  1971 | D:3      | Killed Jessica
  1972 | D:3      | Reached skill level 5 in Ice Magic
  1972 | D:3      | Reached XP level 4. HP: 22/36 MP: 2/7
  2225 | D:3      | Found a white marble altar of Elyvilon.
  2449 | D:3      | Slain by a sleepcap

Illustrated notes

Levels and vault maps discovered:
D:1:      heliophobic_arrival_henge, layout_basic
D:2:      layout_loops_ring, serial_shops, nicolae_shop_advertising_works
          [nicolae_subvault_shop_adworks], shop,
          nicolae_shop_tiny_statue_garden, nicolae_shop_crystal, shop
D:3:      layout_basic, mainiacjoe_overflow_surrounded_room,
          nicolae_qazlal_style_of_elements, minivault_19, st_stairs_1,
          minmay_shallow_snake_nest, uniq_jessica

Skill      XL: |  1  2  3  4 |
---------------+-------------+-----
Fighting       | 1 2 |  2.0
Ice Magic      | 5 |  5.1
Dodging        | |  1.7
Stealth        | |  1.7
Spellcasting   | |  2.7

Action                     |  1- 3 |  4- 6 || total
---------------------------+-------+-------++-------
  Melee: Unarmed           |     5 |     2 ||     7
   Cast: Freeze            |    70 |    15 ||    85
   Stab: Sleeping          |     1 |       ||     1
 Armour: Skin              |    29 |     6 ||    35
  Dodge: Dodged            |    37 |     6 ||    43
